 Dungeon Crawl Stone Soup version 0.21.1-1-g345015f (webtiles) character file.

19968 Eggbaby the Cleaver (level 12, -1/66 HPs)
             Began as an Octopode Venom Mage on July 5, 2018.
             Was a High Priest of Vehumet.
             Slain by a six-headed hydra (12 damage)
             ... on level 12 of the Dungeon.
             The game lasted 01:56:57 (11593 turns).

Eggbaby the Cleaver (Octopode Venom Mage)          Turns: 11593, Time: 01:56:58

Health: -1/66      AC:  1    Str: 12    XL:     12   Next: 74%
Magic:  18/30      EV: 22    Int: 27    God:    Vehumet [*****.]
Gold:   666        SH:  0    Dex: 19    Spells: 0/23 levels left

rFire    + . .     SeeInvis +     - Blade Hands
rCold    + . .     Gourm    .   (shield currently unavailable)
rNeg     + + .     Faith    .   (helmet restricted)
rPois    .         Spirit   .   k - amulet of regeneration
rElec    +         Reflect  .   c - ring of positive energy
rCorr    +         Harm     .   t - ring of magical power
MR       +....                  G - ring "Teomis" {MR+ Str+5 SInv}
Stlth    +++++.....             H - ring "Kymach" {rN+ Int+2}
HPRegen  0.61/turn              I - ring "Qet Achu" {rElec Int+4 SInv}
MPRegen  0.22/turn              J - ring "Muoveni" {rF+ EV+3}
                                C - ring of protection from cold
                                g - ring of resist corrosion

@: agile, blade tentacles (expiring)
A: almost no armour, stealthy swim, amphibious, 8 rings, constrict 8, camouflage
1, gelatinous body 1
a: End Transformation, Renounce Religion


You were on level 12 of the Dungeon.
You worshipped Vehumet.
Vehumet was extremely pleased with you.
You were not hungry.
You had blades for tentacles.
You visited 2 branches of the dungeon, and saw 14 of its levels.

You collected 666 gold pieces.

Inventory:

Hand Weapons
 o - the +0 war axe of Fate (melded) {vamp, +Inv Stlth+}
   (You found it on level 7 of the Dungeon)

   It inflicts no extra harm, but heals its wielder when it wounds a living foe.
   It lets you turn invisible.
   It makes you more stealthy.
 s - a +0 dagger
 w - a +1 dagger of flaming
 B - a +2 whip of venom
Missiles
 i - 179 arrows
 q - 17 tomahawks (quivered)
 N - 2 tomahawks of returning
Armour
 f - a +3 buckler (melded)
Magical Staves
 E - an uncursed staff of cold
 M - an uncursed staff of wizardry {unknown}
Jewellery
 c - a ring of positive energy (left scythe-like blade)
 g - a ring of resist corrosion (on tentacle)
 k - an amulet of regeneration (around mantle)
 t - a ring of magical power (right scythe-like blade)
 C - a ring of protection from cold (on tentacle)
 G - the ring "Teomis" (on tentacle) {MR+ Str+5 SInv}
   (You found it on level 9 of the Dungeon)

   [ring of see invisible]

   It affects your strength (+5).
   It affects your resistance to hostile enchantments.
   It lets you see invisible.
 H - the ring "Kymach" (on tentacle) {rN+ Int+2}
   (You found it on level 9 of the Dungeon)

   [ring of intelligence]

   It affects your intelligence (+2).
   It protects you from negative energy.
 I - the ring "Qet Achu" (on tentacle) {rElec Int+4 SInv}
   (You found it on level 9 of the Dungeon)

   [ring of see invisible]

   It affects your intelligence (+4).
   It insulates you from electricity.
   It lets you see invisible.
 J - the ring "Muoveni" (on tentacle) {rF+ EV+3}
   (You found it on level 9 of the Dungeon)

   [ring of evasion]

   It affects your evasion (+3).
   It protects you from fire.
 K - an uncursed ring of flight
Wands
 d - a wand of random effects (18)
 e - a wand of flame (64)
Scrolls
 j - 5 scrolls of teleportation
 v - 2 scrolls of brand weapon
 y - 2 scrolls of enchant armour
 z - 2 scrolls of fog
 A - 2 scrolls of blinking
 F - 4 scrolls of remove curse
 L - a scroll of identify
 P - a scroll of immolation
Potions
 l - a potion of invisibility
 m - 2 potions of cancellation
 n - 2 potions of flight
 D - a potion of curing
Books
 a - a Young Poisoner's Handbook

   Spells                             Type                      Level
   a - Sting                          Conjuration/Poison           1
   b - Poisonous Vapours              Poison/Air                   2
   c - Mephitic Cloud                 Conjuration/Poison/Air       3
   d - Olgreb's Toxic Radiance        Poison                       4
   e - Venom Bolt                     Conjuration/Poison           5
 r - a book of Geomancy

   Spells                             Type                      Level
   a - Sandblast                      Earth                        1
   b - Passwall                       Transmutation/Earth          2
   c - Stone Arrow                    Conjuration/Earth            3
   d - Petrify                        Transmutation/Earth          4
   e - Lee's Rapid Deconstruction     Earth                        5
 u - a book of Changes

   Spells                             Type                      Level
   a - Beastly Appendage              Transmutation                1
   b - Sticks to Snakes               Transmutation                2
   c - Spider Form                    Transmutation/Poison         3
   d - Ice Form                       Ice/Transmutation            4
   e - Blade Hands                    Transmutation                5
 x - a book of Flames

   Spells                             Type                      Level
   a - Flame Tongue                   Conjuration/Fire             1
   b - Throw Flame                    Conjuration/Fire             2
   c - Conjure Flame                  Conjuration/Fire             3
   d - Inner Flame                    Hexes/Fire                   3
   e - Sticky Flame                   Conjuration/Fire             4
   f - Fireball                       Conjuration/Fire             5
Comestibles
 b - 16 rations
 O - 9 chunks of flesh


   Skills:
 - Level 9.0 Axes
 - Level 2.0 Dodging
 - Level 4.1 Stealth
 * Level 5.9 Shields
 - Level 6.1 Spellcasting
 - Level 5.1 Conjurations
 - Level 9.0 Transmutations
   Level 4.0 Fire Magic
 - Level 8.0 Air Magic
 - Level 6.0 Earth Magic
 - Level 9.0 Poison Magic


You couldn't memorise any spells.
You knew the following spells:

 Your Spells              Type           Power        Failure   Level  Hunger
a - Olgreb's Toxic Radia  Pois           ######..     5%          4    ###....
b - Petrify               Tmut/Erth      #####...     24%         4    ###....
c - Shock                 Conj/Air       ####         3%          1    None
d - Stone Arrow           Conj/Erth      #####.       5%          3    None
e - Airstrike             Air            ######....   6%          4    ###....
f - Sticks to Snakes      Tmut           ######..     9%          2    None
g - Blade Hands           Tmut           ######....   30%         5    #####..


Dungeon Overview and Level Annotations

Branches:
Dungeon (12/15)            Temple (0/1) D:7            Lair (2/6) D:9
    Orc (0/2) D:12
  Swamp: Lair:2-4    Shoals: Lair:2-4     Snake: Lair:2-4    Spider: Lair:2-4

Altars:
Elyvilon
Fedhas
Makhleb
Nemelex Xobeh
Okawaru
Ru
Uskayaw
Vehumet
Xom

Shops:
D:5 [   D:11 }(*

Annotations:
D:3 Phagon's ghost, amateur DrIE
D:6 HaroldFreecs's ghost, novice MiFi


Innate Abilities, Weirdness & Mutations

You cannot wear most types of armour.
You are very stealthy in the water. (Stealth+)
You are amphibious.
You can wear up to eight rings at the same time.
You can use your tentacles to constrict eight enemies at once.
Your skin changes colour to match your surroundings (Stealth+).
Your rubbery body absorbs attacks. (AC +1, EV +1)


Message History

Vehumet accepts your kill.
You feel your power returning.
Some of the chunks of flesh in your inventory have rotted away.
You chop one of the five-headed hydra's heads off!
The four-headed hydra grows two more!
You slash the six-headed hydra!
The six-headed hydra is lightly wounded.
The six-headed hydra misses you. The six-headed hydra bites you!
The six-headed hydra closely misses you.
The six-headed hydra barely misses you. The six-headed hydra bites you! x2
You feel agile all of a sudden.
Your transformation is almost over.
The six-headed hydra misses you. The six-headed hydra bites you!
The six-headed hydra completely misses you.
The six-headed hydra bites you!
* * * LOW HITPOINT WARNING * * *
The six-headed hydra barely misses you.
The six-headed hydra completely misses you.
A white imp comes into view.
The six-headed hydra completely misses you.
The six-headed hydra bites you!
You die...

,,,,,*,,,,,,* #..........
***,,,,,,,,,* #<.......##
**,,,,,,,,* ##.....####
**,,,,,,,* ##..### #
*,.,∩,,,* #### ## *,...,,**
##. *,.5.y5######## #..
*,...55.5.....#############..
**#.######5D@...[.........#..
*,* ############........ *,*
########. *****,* *,,** ##
***,,,*,* **,,,*** *,,,,,,,*
*,,,,,,** ,,,,,,,,**
**,,,,,,,* ,,,,,,,,,**
*,,,,,,,,, ,,,,,,,,,,*
*,,,,,,,,,


You could see a six-headed hydra, a hornet and 5 white imps.

Vanquished Creatures
  3 two-headed ogres (D:9)
  An unseen horror (D:10)
  4 spiny frogs (Lair:1)
  3 centaur skeletons
  A komodo dragon (Lair:1)
  3 trolls
  2 hornets
  4 hippogriffs
  Sigmund (D:5)
  27 yaks
  A shadow (D:10)
  3 wyverns
  A basilisk (Lair:2)
  2 water moccasins
  A soldier ant (D:10)
  Duvessa (D:7)
  3 porcupines (D:9)
  9 orc warriors
  A black bear (D:9)
  5 sky beasts
  An eye of draining (D:10)
  An ice beast (D:9)
  5 phantoms
  7 ogres
  A necrophage (D:9)
  10 centaurs
  A big kobold (D:11)
  3 crocodiles
  14 bullfrogs
  2 gnoll sergeants
  Dowan (D:7)
  4 scorpions
  4 killer bees (D:7)
  6 howler monkeys
  A bullfrog zombie (D:9)
  A centaur zombie (D:7)
  8 crimson imps
  3 hounds
  4 jellies
  8 orc priests
  4 bullfrog skeletons
  9 orc wizards
  Terence (D:2)
  2 iguanas
  7 hell rats (Lair:2)
  16 worker ants
  A hound skeleton (D:10)
  A worker ant zombie (D:9)
  8 adders
  15 gnolls
  A howler monkey skeleton (D:5)
  5 shadow imps
  A white imp (D:12)
  2 oozes
  An adder skeleton (D:9)
  4 adder zombies
  A dart slug (D:3)
  5 worms
  3 leopard geckos
  56 orcs
  13 bats
  11 giant cockroaches
  18 goblins
  13 hobgoblins
  13 jackals
  4 quokkas
  5 ball pythons
  2 frilled lizards (D:1)
  11 kobolds
  2 leopard gecko skeletons
  3 quokka skeletons
  3 rats
  3 fungi (D:9)
  A plant (D:9)
406 creatures vanquished.

Vanquished Creatures (collateral kills)
  A hydra (D:11)
  A gargoyle (D:11)
  A water moccasin (Lair:1)
  An ice beast (D:10)
  An ogre (D:11)
  A crocodile (Lair:1)
  An adder (D:10)
7 creatures vanquished.

Vanquished Creatures (others)
  21 fungi
  A plant (D:9)
22 creatures vanquished.

Grand Total: 435 creatures vanquished

Notes
Turn   | Place    | Note
-------+----------+-------------------------------------------
     0 | D:1      | Eggbaby the Octopode Venom Mage began the quest for the Orb.
     0 | D:1      | Reached XP level 1. HP: 11/11 MP: 3/3
   116 | D:1      | Reached XP level 2. HP: 17/17 MP: 3/5
   123 | D:1      | Learned a level 2 spell: Poisonous Vapours
   329 | D:1      | Reached skill level 5 in Poison Magic
   329 | D:1      | Reached XP level 3. HP: 17/21 MP: 2/6
   416 | D:2      | Reached skill level 1 in Shields
   627 | D:2      | Reached XP level 4. HP: 26/27 MP: 3/7
   754 | D:2      | Noticed Terence
   765 | D:2      | Killed Terence
  1104 | D:3      | Found a radiant altar of Vehumet.
  1116 | D:3      | Became a worshipper of Vehumet
  1169 | D:3      | Found a sacrificial altar of Ru.
  1221 | D:3      | Noticed Phagon's ghost (amateur DrIE)
  1252 | D:3      | Reached XP level 5. HP: 31/31 MP: 1/8
  1650 | D:3      | Found a blossoming altar of Fedhas.
  1673 | D:3      | Reached * piety under Vehumet
  1673 | D:3      | Offered knowledge of Shock by Vehumet.
  1679 | D:3      | Learned a level 1 spell: Shock
  1747 | D:3      | Found a sparkling altar of Nemelex Xobeh.
  1904 | D:4      | Found a white marble altar of Elyvilon.
  1930 | D:4      | Reached XP level 6. HP: 19/36 MP: 9/9
  2020 | D:4      | Noticed a sky beast
  2047 | D:4      | Killed a sky beast
  2164 | D:4      | Reached XP level 7. HP: 31/41 MP: 0/10
  2254 | D:4      | Offered knowledge of Flame Tongue by Vehumet.
  2311 | D:4      | Reached ** piety under Vehumet
  2326 | D:4      | Found a shimmering altar of Xom.
  2366 | D:4      | Found a hide-covered altar of Uskayaw.
  2420 | D:4      | Reached skill level 5 in Air Magic
  2734 | D:5      | Entered Level 5 of the Dungeon
  2815 | D:5      | Reached XP level 8. HP: 44/46 MP: 2/11
  2881 | D:5      | Found Cul Uwisch's Armour Boutique.
  2949 | D:5      | Noticed Sigmund
  2967 | D:5      | Killed Sigmund
  3428 | D:6      | Learned a level 1 spell: Flame Tongue
  3432 | D:6      | Learned a level 3 spell: Stone Arrow
  3554 | D:6      | Found an iron altar of Okawaru.
  3677 | D:6      | Offered knowledge of Inner Flame by Vehumet.
  3678 | D:6      | Reached skill level 5 in Conjurations
  3684 | D:6      | Reached skill level 1 in Earth Magic
  3724 | D:6      | Found a radiant altar of Vehumet.
  3937 | D:6      | Reached XP level 9. HP: 47/51 MP: 7/12
  3938 | D:6      | Reached *** piety under Vehumet
  3976 | D:6      | Noticed HaroldFreecs's ghost (novice MiFi)
  4166 | D:7      | Got a polished war axe
  4171 | D:7      | Identified the cursed +0 war axe of Fate {vamp, +Inv Stlth+} (You found it on level 7 of the Dungeon)
  4222 | D:7      | Found a sparkling altar of Nemelex Xobeh.
  4240 | D:7      | Reached skill level 5 in Earth Magic
  4287 | D:7      | Found a staircase to the Ecumenical Temple.
  4313 | D:7      | Reached skill level 1 in Axes
  4640 | D:7      | Offered knowledge of Dazzling Spray by Vehumet.
  4652 | D:7      | Learned a level 3 spell: Dazzling Spray
  4655 | D:7      | Learned a level 2 spell: Sticks to Snakes
  4692 | D:7      | Noticed Duvessa
  4694 | D:7      | Noticed Dowan
  4704 | D:7      | Killed Duvessa
  4718 | D:7      | Killed Dowan
  5356 | D:8      | Reached skill level 5 in Axes
  5484 | D:8      | Reached **** piety under Vehumet
  5507 | D:8      | Reached skill level 1 in Transmutations
  5656 | D:8      | Offered knowledge of Airstrike by Vehumet.
  6099 | D:8      | Reached XP level 10. HP: 50/56 MP: 13/13
  6214 | D:8      | Found a burning altar of Makhleb.
  6366 | D:9      | Reached skill level 5 in Transmutations
  6525 | D:9      | Learned a level 4 spell: Airstrike
  6547 | D:9      | Noticed a two-headed ogre
  6597 | D:9      | Killed a two-headed ogre
  6691 | D:9      | Noticed a two-headed ogre
  6720 | D:9      | Killed a two-headed ogre
  6856 | D:9      | Reached ***** piety under Vehumet
  6856 | D:9      | Reached skill level 1 in Fire Magic
  6892 | D:9      | Offered knowledge of Conjure Ball Lightning by Vehumet.
  7152 | D:9      | Got a fine marble ring
  7155 | D:9      | Got a faintly glowing tin ring
  7156 | D:9      | Identified the ring "Teomis" {MR+ Str+5 SInv} (You found it on level 9 of the Dungeon)
  7157 | D:9      | Identified the ring "Kymach" {rN+ Int+2} (You found it on level 9 of the Dungeon)
  7164 | D:9      | Reached XP level 11. HP: 51/61 MP: 7/14
  7173 | D:9      | Got a fine iron ring
  7176 | D:9      | Got a crude tin ring
  7215 | D:9      | Found a staircase to the Lair.
  7216 | D:9      | Identified the ring "Qet Achu" {rElec Int+4 SInv} (You found it on level 9 of the Dungeon)
  7217 | D:9      | Identified the ring "Muoveni" {rF+ EV+3} (You found it on level 9 of the Dungeon)
  7528 | D:9      | Noticed a two-headed ogre
  7539 | D:9      | Killed a two-headed ogre
  7864 | D:10     | Entered Level 10 of the Dungeon
  8069 | D:10     | Noticed an unseen horror
  8082 | D:10     | Killed an unseen horror
  8233 | D:10     | Found a burning altar of Makhleb.
  8543 | D:10     | Offered knowledge of Iskenderun's Battlesphere by Vehumet.
  8857 | D:11     | Found Zynylet's General Store.
  8958 | Lair:1   | Entered Level 1 of the Lair of Beasts
  9127 | Lair:1   | Learned a level 4 spell: Olgreb's Toxic Radiance
  9328 | Lair:1   | Reached XP level 12. HP: 66/66 MP: 19/19
  9332 | Lair:1   | Reached skill level 5 in Spellcasting
 10607 | D:11     | Found Zuzurphe's Weapon Emporium.
 10620 | D:11     | Found Wock's Gadget Shop.
 10967 | D:11     | Noticed an eight-headed hydra
 10979 | D:11     | Killed an eight-headed hydra
 11304 | D:11     | Learned a level 4 spell: Petrify
 11310 | D:11     | Learned a level 5 spell: Blade Hands
 11374 | D:12     | Offered knowledge of Poison Arrow by Vehumet.
 11383 | D:12     | Reached skill level 5 in Shields
 11387 | D:12     | Found a staircase to the Orcish Mines.
 11582 | D:12     | Noticed a five-headed hydra
 11593 | D:12     | Slain by a six-headed hydra

Skill      XL: |  1  2  3  4  5  6  7  8  9 10 11 12 |
---------------+-------------------------------------+-----
Poison Magic   | 4 5 6 7 8 9 |  9.0
Shields        | 2 4 5 |  5.9
Air Magic      | 3 5 8 |  8.0
Conjurations   | 5 |  5.1
Earth Magic    | 3 5 6 |  6.0
Axes           | 5 9 |  9.0
Stealth        | 4 |  4.1
Transmutations | 3 6 9 |  9.0
Fire Magic     | 4 |  4.0
Spellcasting   | 4 6 |  6.1
Dodging        | |  2.0

Action                   |  1- 3 |  4- 6 |  7- 9 | 10-12 || total
-------------------------+-------+-------+-------+-------++-------
Melee: Unarmed           |    44 |   101 |       |     8 ||   153
       Constrict         |    14 |    37 |    49 |    56 ||   156
       Tentacles         |     8 |    29 |    46 |    68 ||   151
       Dagger            |       |    58 |   145 |       ||   203
       War axe           |       |       |   126 |   391 ||   517
 Cast: Sting             |     5 |     3 |       |       ||     8
       Poisonous Vapours |    16 |    40 |    95 |   144 ||   295
       Shock             |       |       |    67 |    22 ||    89
       Stone Arrow       |       |       |    15 |    64 ||    79
       Flame Tongue      |       |       |     6 |     5 ||    11
       Sticks to Snakes  |       |       |       |    25 ||    25
       Airstrike         |       |       |       |     2 ||     2
       Olgreb's Toxic Ra |       |       |       |    61 ||    61
       Blade Hands       |       |       |       |     2 ||     2
 Abil: Evoke Invisibilit |       |       |       |     1 ||     1
  Use: Scroll            |       |    11 |     9 |    10 ||    30
       Potion            |       |     3 |    13 |    10 ||    26
 Stab: Sleeping          |     3 |     8 |    26 |    14 ||    51
       Distracted        |       |       |     1 |     3 ||     4
  Eat: Chunk             |       |     8 |    14 |    19 ||    41
       Ration            |       |       |     6 |     6 ||    12
Armor: Skin              |     7 |    11 |    21 |    40 ||    79
Dodge: Dodged            |    31 |    58 |   116 |   253 ||   458
Block: Buckler           |       |    39 |    94 |   163 ||   296
